 Dungeon Crawl Stone Soup version 0.24.1-14-gf8d2b509d9 (webtiles) character file.

Game seed: 6139974260554642213, levelgen mode: deterministic

13135 tkbsonic5 the Covert (level 12, -4/65 HPs)
             Began as a Vine Stalker Assassin on May 13, 2023.
             Was a Follower of Yredelemnul.
             Slain by a death knight
             ... wielding a +4 morningstar
              (25 damage)
             ... on level 11 of the Dungeon.
             The game lasted 01:18:36 (10603 turns).

tkbsonic5 the Covert (Vine Stalker Assassin)       Turns: 10603, Time: 01:18:37

Health: -4/65      AC: 16    Str: 16    XL:     12   Next: 2%
Magic:  0/27       EV:  7    Int: 12    God:    Yredelemnul [*.....]
Gold:   569        SH:  0    Dex: 18    Spells: 7/17 levels left

rFire    . . .     SeeInvis .   r - +2 battleaxe (flame)
rCold    . . .     Gourm    .   (shield currently unavailable)
rNeg     . . .     Faith    .   j - +2 chain mail {MR+} {(10)}
rPois    .         Spirit   +   x - +0 helmet
rElec    .         Reflect  .   a - +1 cloak
rCorr    .         Harm     .   F - +1 pair of gloves
MR       ++...                  (no boots)
Stlth    +++.......             k - amulet of rage
HPRegen  1.00/turn              b - ring of stealth
MPRegen  0.20/turn              c - ring of magical power

@: berserk cooldown, slowed, studying Long Blades, very slow
A: fangs 3, regeneration 2, magic shield, antimagic bite, no potion heal 3, rot
immunity
a: Animate Remains, Renounce Religion, Evoke Berserk Rage


You were on level 11 of the Dungeon.
You worshipped Yredelemnul.
Yredelemnul was aware of your devotion.
You were not hungry.

You visited 2 branches of the dungeon, and saw 11 of its levels.

You collected 656 gold pieces.
You spent 87 gold pieces at shops.

Inventory:

Hand Weapons
 d - the +1 war axe of Reason {chop, +Rage, (1,12++)}
   (You found it on level 10 of the Dungeon)

   It inflicts extra damage upon your enemies.
   It lets you go berserk.
 h - a +0 short sword of flaming
 o - a +2 dagger of draining {(8,6++) gone}
 q - a cursed +0 hunting sling
 r - a +2 battleaxe of flaming (weapon)
 u - a +0 broad axe {(-2,13)}
 v - a +2 hand axe of flaming {(5,9++)}
 A - a +2 short sword of freezing {(5, 7) frozen hearts}
 I - a +1 short sword of draining
Missiles
 l - 10 boomerangs (quivered)
 t - 89 bolts
 z - 3 poisoned darts
Armour
 a - a +1 cloak (worn)
 j - a +2 chain mail of magic resistance (worn) {(10)}
 w - a +3 leather armour {Spy's Outfit (6)}
 x - a +0 helmet (worn)
 C - a +0 buckler
 E - a +0 troll leather armour {(4) :(}
 F - a +1 pair of gloves (worn)
Jewellery
 b - a ring of stealth (left hand)
 c - a ring of magical power (right hand)
 k - an amulet of rage (around neck)
 y - a -3 ring of intelligence
 H - an uncursed ring of stealth
Wands
 i - a wand of polymorph (2)
Scrolls
 g - 3 scrolls of identify
 p - 2 scrolls of amnesia
 B - a scroll of remove curse
Potions
 s - 5 potions of curing
 G - a potion of mutation
Books
 e - a manual of Long Blades
Comestibles
 f - 10 rations


   Skills:
 * Level 8.4 Fighting
 - Level 6.0 Short Blades
 * Level 6.3 Axes
   Level 1.4 Staves
 - Level 3.2 Throwing
 - Level 2.3 Armour
 - Level 1.8 Dodging
 - Level 10.9 Stealth
 - Level 3.2 Spellcasting
 - Level 2.7 Hexes
 - Level 2.6 Charms
 - Level 1.6 Summonings
 - Level 3.0 Necromancy
 * Level 6.9 Invocations
 * Level 3.2 Evocations


You had 7 spell levels left.
You knew the following spells:

 Your Spells              Type           Power        Failure   Level  Hunger
a - Pain                  Necr           #...         77%         1    #......
b - Animate Skeleton      Necr           N/A          77%         1    #......
c - Confusing Touch       Hex            #.....       82%         1    #......
d - Regeneration          Chrm/Necr      #.........   99%         3    ###....
e - Vampiric Draining     Necr           #.........   98%         3    ###....
f - Summon Small Mammal   Summ           #...         92%         1    #......

Your spell library contained the following spells:

 Spells                   Type           Power        Failure   Level  Hunger
 Apportation              Tloc           #.....       99%         1    #......
 Freeze                   Ice            #...         99%         1    #......
 Throw Frost              Conj/Ice       #.....       100%        2    ###....
 Ozocubu's Armour         Chrm/Ice       #.......     100%        3    ###....
 Animate Dead             Necr           N/A          100%        4    #####..
 Summon Ice Beast         Ice/Summ       #.......     100%        4    #####..
 Throw Icicle             Conj/Ice       #.......     100%        4    #####..
 Haunt                    Necr/Summ      #.........   100%        7    #######
 Borgnjor's Revivificati  Necr           #.........   100%        8    #######
 Death's Door             Chrm/Necr      #.........   100%        8    #######
 Infestation              Necr           #.........   100%        8    #######
 Necromutation            Tmut/Necr      #.........   100%        8    #######


Dungeon Overview and Level Annotations

Branches:
Dungeon (11/15)            Temple (1/1) D:4            Lair (0/6) D:8
    Orc (0/2) D:10

Altars:
Ashenzari
Cheibriados
Dithmenos
Elyvilon
Fedhas
Hepliaklqana
Kikubaaqudgha
Nemelex Xobeh
Okawaru
Qazlal
Ru
Sif Muna
Uskayaw
Vehumet
Wu Jian
Xom
Yredelemnul
The Shining One

Shops:
D:4 ::(*   D:7 [   D:10 *


Innate Abilities, Weirdness & Mutations

You have razor-sharp teeth.
You heal very quickly.
When hurt, damage is shared between your health and your magic reserves.
Your bite disrupts and absorbs the magic of your enemies.
Potions cannot restore your health.
You are immune to rotting.


Message History

* * * LOW HITPOINT WARNING * * *
The skeletal warrior hits you but does no damage.
The death knight calls down the wrath of Yredelemnul upon you.
You resist with almost no effort.
The freezing wraith hits you but does no damage.
The freezing wraith barely misses you.
There is an open door here.
The death knight is no longer covered in acid.
The death knight offers itself to Yredelemnul, and fills with unholy energy.
The death knight hits you with a +4 morningstar!
The death knight hits you with a +4 morningstar!
* * * LOW HITPOINT WARNING * * *
The death knight's dark mirror aura disappears.
The death knight invokes the aid of Yredelemnul against you.
You resist with almost no effort.
The death knight hits you with a +4 morningstar.
* * * LOW HITPOINT WARNING * * *
The death knight hits you with a +4 morningstar!!
You die...
Your body rises from the dead as a mindless zombie.

...........+.........
###.Z.#.####..........#
# #.#.#....#..........#
# ###....#.#..........#
########.#.#..........#
...........+..........#
###.....##.#..........#
###.....##.#...W......#
.......^#..z..Wp@<#
..<..#+##..####.###
.....# #...W.#.#
.....#....###W###
.....##### #.### .....#
#.W.# .....# ###W#
.....# ######z###
....)####......z..#
.......


You could see a death knight, a skeletal warrior (wandering), a freezing wraith
and a wraith.

Vanquished Creatures
  Harold (D:8)
  A centaur warrior (D:10)
  A two-headed ogre (D:10)
  2 death yaks (D:8)
  Pikel (D:8)
  An orc knight (D:10)
  2 manticores
  A cyclops (D:11)
  Maurice (D:8)
  A centaur zombie (D:9)
  A centaur skeleton (D:10)
  A kobold demonologist (D:11)
  A hornet (D:9)
  A troll (D:10)
  2 hippogriffs
  A human (D:7)
  4 yaks
  4 hogs (D:7)
  Menkaure (D:6)
  A porcupine (D:8)
  2 water moccasins
  A soldier ant (D:10)
  4 sky beasts
  4 orc warriors
  A black bear (D:9)
  An ice beast (D:10)
  A phantom (D:7)
  4 centaurs
  6 ogres
  A crocodile (D:11)
  4 bullfrogs
  A scorpion (D:9)
  3 wights (D:6)
  4 killer bees
  A crimson imp (D:9)
  3 orc priests
  Crazy Yiuf (D:7)
  3 jellies
  5 hounds
  6 orc wizards
  2 bullfrog skeletons
  2 iguanas
  5 worker ants
  A hound skeleton (D:9)
  A worker ant zombie (D:11)
  A howler monkey zombie (D:9)
  7 adders
  5 gnolls
  A river rat (D:8)
  A shadow imp (D:6)
  An ooze (D:1)
  2 adder zombies
  A dart slug (D:3)
  A leopard gecko (D:2)
  37 orcs
  3 bats
  6 giant cockroaches
  5 hobgoblins
  11 jackals
  2 quokkas
  9 frilled lizards
  6 goblins
  A jackal skeleton (D:7)
  5 kobolds
  5 rats
206 creatures vanquished.

Vanquished Creatures (collateral kills)
  Erica (D:8)
  A hippogriff (D:7)
  A wyvern (D:9)
  A hungry ghost (D:10)
  2 bullfrogs
  2 killer bees (D:9)
  A jelly (D:6)
  A leopard gecko (D:6)
  4 orcs
14 creatures vanquished.

Vanquished Creatures (others)
  A yak (D:9)
  A manticore zombie (D:11)
  4 slaves (D:8)
  A hound zombie (D:11)
  A river rat (D:8)
  An adder (D:10)
  An adder zombie (D:8)
  3 orc zombies
  An orc (D:11)
  3 toadstools (D:10)
17 creatures vanquished.

Grand Total: 237 creatures vanquished

Notes
Turn   | Place    | Note
-------+----------+-------------------------------------------
     0 | D:1      | tkbsonic5 the Vine Stalker Assassin began the quest for the
                  | Orb.
     0 | D:1      | Reached XP level 1. HP: 11/11 MP: 2/2
   166 | D:1      | Reached skill level 5 in Stealth
   228 | D:1      | Reached XP level 2. HP: 15/15 MP: 3/3
   424 | D:1      | Reached XP level 3. HP: 18/18 MP: 4/4
   470 | D:1      | Found a shattered altar of Ashenzari.
  1190 | D:2      | Found a white marble altar of Elyvilon.
  1420 | D:2      | Reached skill level 1 in Dodging
  1420 | D:2      | Gained mutation: Your natural rate of healing is unusually
                  | fast. [Vine Stalker growth]
  1420 | D:2      | Reached XP level 4. HP: 18/23 MP: 5/5
  2403 | D:4      | Found Omag's Weapon Shop.
  2415 | D:4      | Reached XP level 5. HP: 27/27 MP: 6/6
  2424 | D:4      | Reached skill level 6 in Stealth
  2474 | D:4      | Found Qacwoh's Assorted Antiques.
  2495 | D:4      | Bought a scroll of teleportation for 87 gold pieces
  2584 | D:4      | Found a staircase to the Ecumenical Temple.
  2636 | Temple   | Entered the Ecumenical Temple
  2650 | Temple   | Became a worshipper of Yredelemnul the Dark
  2700 | D:4      | Found a shadowy altar of Dithmenos.
  2704 | D:4      | Found a hazy altar of Hepliaklqana.
  2739 | D:4      | Found Nedous's Book Boutique.
  2750 | D:4      | Found a shimmering blue altar of Sif Muna.
  2797 | D:4      | Reached XP level 6. HP: 30/32 MP: 7/7
  2819 | D:4      | Found Paqiyrph's Book Shop.
  2926 | D:4      | You fall into a shaft and drop 3 floors!
  2944 | D:7      | Noticed a phantom
  2953 | D:7      | Killed a phantom
  3006 | D:7      | Noticed a hippogriff
  3027 | D:7      | Reached XP level 7. HP: 20/36 MP: 4/8
  3031 | D:7      | Killed a hippogriff
  3031 | D:7      | Reached skill level 7 in Stealth
  3172 | D:7      | Found an ornate altar of the Wu Jian Council.
  3245 | D:7      | Found an ancient bone altar of Kikubaaqudgha.
  3254 | D:7      | Gained mutation: You have razor-sharp teeth. [Vine Stalker
                  | growth]
  3254 | D:7      | Reached XP level 8. HP: 42/42 MP: 7/9
  3266 | D:7      | Found Zunidd's Armour Boutique.
  3307 | D:7      | Found a shattered altar of Ashenzari.
  3317 | D:7      | Noticed a hippogriff
  3326 | D:7      | Killed a hippogriff
  3402 | D:7      | Reached * piety under Yredelemnul
  3402 | D:7      | Reached skill level 8 in Stealth
  3535 | D:7      | Reached skill level 5 in Fighting
  3535 | D:7      | Reached skill level 5 in Short Blades
  3545 | D:7      | Reached skill level 9 in Stealth
  3566 | D:7      | Learned a level 1 spell: Pain
  3568 | D:7      | Learned a level 1 spell: Animate Skeleton
  3589 | D:7      | Reached XP level 9. HP: 23/47 MP: 6/11
  3600 | D:7      | Reached skill level 1 in Spellcasting
  3600 | D:7      | Reached skill level 1 in Invocations
  3850 | D:7      | Learned a level 1 spell: Confusing Touch
  3854 | D:7      | Learned a level 3 spell: Regeneration
  3858 | D:7      | Learned a level 3 spell: Vampiric Draining
  3860 | D:7      | Learned a level 1 spell: Summon Small Mammal
  3985 | D:7      | Found a runed translucent door.
  3986 | D:7      | Noticed Crazy Yiuf
  4287 | D:7      | Killed Crazy Yiuf
  4551 | D:8      | Reached skill level 1 in Necromancy
  4650 | D:8      | Noticed Pikel
  4668 | D:8      | Noticed Harold
  4683 | D:8      | Killed Pikel
  4683 | D:8      | Reached skill level 1 in Hexes
  4683 | D:8      | Reached skill level 1 in Charms
  4683 | D:8      | Reached skill level 1 in Summonings
  4778 | D:8      | Killed Harold
  4936 | D:8      | Noticed a death yak
  5053 | D:8      | Noticed Erica
  5064 | D:8      | Noticed Maurice
  5085 | D:8      | Killed Maurice
  5145 | D:8      | Found a staircase to the Lair.
  5145 | D:8      | Noticed a death yak
  5147 | D:8      | Noticed a death yak
  5300 | D:6      | Reached XP level 10. HP: 35/53 MP: 10/15
  5358 | D:6      | Reached skill level 1 in Staves
  5358 | D:6      | Reached skill level 10 in Stealth
  5646 | D:6      | Reached ** piety under Yredelemnul
  5888 | D:6      | Found a stormy altar of Qazlal.
  5889 | D:6      | Noticed Menkaure
  5897 | D:6      | Killed Menkaure
  5897 | D:6      | Reached skill level 1 in Axes
  5945 | D:6      | Found a glowing golden altar of the Shining One.
  5946 | D:6      | Found an iron altar of Okawaru.
  6347 | D:6      | Found a snail-covered altar of Cheibriados.
  6452 | D:8      | Found a shimmering altar of Xom.
  6611 | D:8      | Killed Erica
  6890 | D:8      | Killed a death yak
  6890 | D:8      | Reached skill level 1 in Armour
  6894 | D:8      | Killed a death yak
  7148 | D:8      | Reached skill level 5 in Invocations
  7174 | D:9      | Reached XP level 11. HP: 49/58 MP: 8/16
  7255 | D:9      | Paralysed by a hornet for 3 turns
  7878 | D:9      | Reached skill level 5 in Axes
  7991 | D:9      | Got a pitted chain mail
  8024 | D:8      | Identified the cursed +1 chain mail "Eghug" {rC+ rN+ MR-
                  | Dex+2} (You found it on level 9 of the Dungeon)
  8755 | D:10     | Entered Level 10 of the Dungeon
  8773 | D:10     | Noticed an orc knight
  9113 | D:10     | Noticed a manticore
  9114 | D:10     | Found a staircase to the Orcish Mines.
  9127 | D:10     | Killed a manticore
  9127 | D:10     | Reached skill level 1 in Evocations
  9302 | D:10     | Noticed a two-headed ogre
  9307 | D:10     | Killed a two-headed ogre
  9334 | D:10     | Noticed a centaur warrior
  9352 | D:10     | Killed a centaur warrior
  9364 | D:10     | Got an encrusted war axe
  9365 | D:10     | Identified the cursed +1 war axe of Reason {chop, +Rage}
                  | (You found it on level 10 of the Dungeon)
  9571 | D:10     | Killed an orc knight
  9576 | D:10     | HP: 2/60 [orc warrior/+0 halberd[an orc knight] (11)]
  9816 | D:10     | Found Lirchaum's Elemental Accessories.
 10214 | D:11     | Noticed a cyclops
 10220 | D:11     | Killed a cyclops
 10291 | D:11     | Noticed a manticore
 10303 | D:11     | Killed a manticore
 10417 | D:11     | Gained mutation: You heal very quickly. [Vine Stalker
                  | growth]
 10417 | D:11     | Reached XP level 12. HP: 65/65 MP: 18/18
 10558 | D:11     | Noticed a death knight
 10603 | D:11     | Slain by a death knight

Levels and vault maps discovered:
D:1:      lemuel_arrival_tunnels, layout_basic, evilmike_ruin_ashenzari
D:2:      layout_basic, marbit_many_paths
D:3:      layout_loops_ring, minmay_misc_feat_cross, kennysheep_generic_room_15
D:4:      minmay_evil_eye, layout_loops_ring, nicolae_overflow_hidden_temple,
          minmay_temple_entry_tees, serial_shops, nicolae_shop_stone,
          kennysheep_little_box, shop, shop_fountains, first_ration
D:6:      layout_loops_cross, nicolae_qazlal_general_emergency,
          gammafunk_temple_overflow_claw, minmay_manual_mess, uniq_menkaure
D:7:      minmay_recursive_quarters, layout_cave_pools, lemuel_crystal_altar,
          kennysheep_mini_moat, kennysheep_mini, serial_shops, shop_fountains,
          serial_glass, glass_columns_b, glass_columns_b, glass_columns_b,
          glass_columns_a, grunt_livestock, minmay_fountain_box, minivault_5,
          uniq_crazy_yiuf_cottage
D:8:      layout_loops_ring, nicolae_overflow_crystal_walls, dpeg_lair_monsters,
          serial_aquarium, aquarium_bridge_square [aquarium_subvault_wall,
          aquarium_subvault_bridge, aquarium_subvault_window,
          aquarium_subvault_bridge], aquarium_bridge_straight
          [aquarium_subvault_bridge, aquarium_subvault_wall,
          aquarium_subvault_bridge, aquarium_subvault_wall],
          aquarium_window_fake, aquarium_window_1, aquarium_window_2,
          aquarium_window_2, aquarium_view_2b, aquarium_pool_split,
          uniq_maurice, uniq_pikel, uniq_erica, uniq_harold
D:9:      layout_loops_ring, hangedman_abyss_or_decor_clamps
D:10:     minmay_wavy_crystal, layout_rooms, nicolae_elemental_shop,
          grunt_ministairs_11, kennysheep_path_1, minmay_gold_behind_fungi
D:11:     layout_basic, chequers_serial_rivers_room_b, zaba_antful_of_joy
Temple:   chequers_temple_sunken

Skill      XL: |  1  2  3  4  5  6  7  8  9 10 11 |
---------------+----------------------------------+-----
Throwing       | 2 3 |  3.2
Stealth        | 5 6 7 9 10 | 10.9
Short Blades   | 2 3 4 5 6 |  6.0
Fighting       | 2 3 4 5 6 8 |  8.4
Dodging        | 1 |  1.8
Spellcasting   | 3 |  3.2
Invocations    | 2 5 6 |  6.9
Necromancy     | 2 3 |  3.0
Hexes          | 2 |  2.7
Charms         | 2 |  2.6
Summonings     | 1 |  1.6
Staves         | 1 |  1.4
Axes           | 4 6 |  6.3
Armour         | 2 |  2.3
Evocations     | 3 |  3.2

Action                   |  1- 3 |  4- 6 |  7- 9 | 10-12 || total
-------------------------+-------+-------+-------+-------++-------
Melee: Dagger            |    45 |    99 |    83 |    30 ||   257
       Bite              |    13 |    22 |    52 |   111 ||   198
       Rapier            |    14 |       |       |       ||    14
       Short sword       |       |       |    59 |       ||    59
       Quarterstaff      |       |       |    10 |       ||    10
       Battleaxe         |       |       |       |   146 ||   146
       Hand axe          |       |       |       |    96 ||    96
       War axe           |       |       |       |    39 ||    39
Throw: Dart              |     5 |    17 |    36 |    23 ||    81
       Javelin           |       |     9 |     7 |    21 ||    37
       Throwing net      |       |       |     5 |       ||     5
       Boomerang         |       |       |       |    37 ||    37
 Cast: Confusing Touch   |       |       |     4 |     1 ||     5
       Pain              |       |       |     2 |       ||     2
       Regeneration      |       |       |     1 |       ||     1
Invok: Injury Mirror     |       |       |       |    14 ||    14
       Animate Remains   |       |       |       |     8 ||     8
 Abil: Evoke Berserk Rag |       |       |       |    14 ||    14
Evoke: Wand              |       |       |       |    16 ||    16
  Use: Scroll            |     4 |     8 |    12 |    11 ||    35
       Potion            |       |     1 |     5 |     5 ||    11
 Stab: Sleeping          |     5 |     7 |     5 |     4 ||    21
       Invisible         |       |     2 |       |       ||     2
       Confused          |       |       |     2 |       ||     2
       Distracted        |       |       |       |     1 ||     1
  Eat: Chunk             |     1 |     2 |     3 |     1 ||     7
       Ration            |       |     1 |     2 |     9 ||    12
Armor: Ring mail         |    34 |     1 |       |       ||    35
       Robe              |       |    12 |       |       ||    12
       Leather armour    |       |     9 |    48 |     9 ||    66
       Chain mail        |       |       |       |   172 ||   172
       Skin              |       |       |       |    10 ||    10
Dodge: Dodged            |    28 |    44 |    52 |   118 ||   242
Block: Buckler           |       |       |       |    20 ||    20
